cohdb
Replays
Latest Replays
All Replays
Popular Replays
Top Player Replays
Match Explorer
How It Works
Community
CoH3 Stats
Reddit
Sign in to upload your games and track your stats! →
Sign in with Steam
Match 41186984
Unlisted
Match 41186984
Overview
Messages
Build Orders
End
Construct Weapon Support Center
Selects Heavy Weapons
M1919 Machine Gun Team
M1919 Machine Gun Team
Construct Barracks
Engineer Squad
Bazooka Squad
Selects Assault Carriers
Air Support Center
M3 Assault Carrier
M3 Assault Carrier
killionaire
Bad Moon
Raise your left hand
Zexe
抖音雨哲QAQ
[HAN]Diederick Kastner
RO635
Temsy36
0
0
Comments
sign in to comment!
No comments posted yet!